 Dungeon Crawl Stone Soup version 0.27.1 (webtiles) character file.

Game seed: 10803828463716641482

160836 DiogoH the Warrior (level 17, -2/119 HPs)
             Began as a Gargoyle Fighter on Aug 28, 2021.
             Was the Champion of Makhleb.
             Slain by a wolf spider (25 damage)
             ... on level 4 of the Spider Nest on Aug 29, 2021.
             The game lasted 04:32:42 (34633 turns).

DiogoH the Warrior (Gargoyle Fighter)              Turns: 34633, Time: 04:32:43

Health: -2/119     AC: 33    Str: 26    XL:     17   Next: 77%
Magic:  1/28       EV:  8    Int: 10    God:    Makhleb [******]
Gold:   1444       SH: 19    Dex:  9    Spells: 16/16 levels left

rFire    + . .     SeeInvis +   N - +2 demon whip (venom)
rCold    . . .     Faith    .   c - +0 kite shield
rNeg     + . .     Spirit   .   T - +2 plate armour {rF+}
rPois    ∞         Reflect  +   p - +1 hat {Will+}
rElec    +         Harm     .   n - +0 cloak
rCorr    .         Rampage  .   w - +1 pair of gloves
Will     +++..                  D - +0 pair of boots
Stlth    ..........             y - amulet of reflection
HPRegen  0.29/turn              A - ring of see invisible
MPRegen  0.21/turn              g - ring of willpower

@: corroded, unable to read, flying, studying Short Blades
A: sickness immunity, AC +12, big wings, negative energy resistance 1,
electricity resistance, torment resistance 1, petrification resistance,
inability to read while threatened
a: Renounce Religion, Minor Destruction, Lesser Servant of Makhleb, Major
Destruction, Greater Servant of Makhleb


You were on level 4 of the Spider Nest.
You worshipped Makhleb.
Makhleb was exalted by your worship.
You visited 5 branches of the dungeon, and saw 28 of its levels.

You collected 2891 gold pieces.
You spent 1447 gold pieces at shops.

Inventory:

Hand Weapons
 N - a +2 demon whip of venom (weapon)
Missiles
 u - 138 poisoned darts
 x - 14 curare-tipped darts
 L - 12 javelins (quivered)
Armour
 c - a +0 kite shield (worn)
 n - a +0 cloak (worn)
 p - a +1 hat of willpower (worn)
 w - a +1 pair of gloves (worn)
 D - a +0 pair of boots (worn)
 T - a +2 plate armour of fire resistance (worn)
Jewellery
 g - a ring of willpower (right hand)
 m - a ring of ice
 t - a +6 ring of strength
 v - a ring of ice
 y - an amulet of reflection (around neck)
 z - an amulet of regeneration
 A - a ring of see invisible (left hand)
 E - a ring of fire
 O - a ring of positive energy
Wands
 e - a wand of flame (21)
 l - a wand of paralysis (21)
 r - a wand of mindburst (4)
 B - a wand of polymorph (21)
 M - a wand of charming (7)
 V - a wand of digging (4)
 W - a wand of iceblast (4)
Scrolls
 a - 2 scrolls of fog
 d - 3 scrolls of noise
 i - 4 scrolls of silence
 j - 3 scrolls of fear
 k - a scroll of immolation
 o - a scroll of torment
 q - a scroll of holy word
 F - 2 scrolls of vulnerability
 J - 2 scrolls of blinking
 K - a scroll of teleportation
 U - a scroll of acquirement
 X - 2 scrolls of magic mapping
 Y - a scroll of brand weapon
Potions
 b - a potion of resistance
 f - 15 potions of curing
 h - 4 potions of berserk rage
 s - 4 potions of attraction
 C - 3 potions of haste
 I - 2 potions of invisibility
 P - 4 potions of ambrosia
 Q - a potion of lignification
 S - 2 potions of might
 Z - 2 potions of heal wounds


   Skills:
 * Level 17.6 Fighting
 - Level 12.0 Maces & Flails
 + Level 12.8 Armour
 - Level 15.0 Shields
 + Level 15.5 Invocations
 + Level 7.1 Evocations


You had 16 spell levels left.
You didn't know any spells.
Your spell library contained the following spells:

 Spells                   Type           Power      Damage    Failure   Level
 Beastly Appendage        Tmut           0%         N/A       96%         1
 Passwall                 Tmut/Erth      0%         N/A       99%         2
 Wereblood                Tmut           0%         N/A       99%         2
 Conjure Flame            Conj/Fire      0%         6-21      100%        3
 Dazzling Flash           Conj/Hex       0%         N/A       100%        3
 Ignite Poison            Fire/Tmut/Pois 0%         N/A       100%        3
 Mephitic Cloud           Conj/Pois/Air  0%         N/A       100%        3
 Spider Form              Tmut/Pois      0%         N/A       100%        3
 Summon Guardian Golem    Hex/Summ       0%         N/A       100%        3
 Swiftness                Air            0%         N/A       100%        3
 Sticky Flame             Conj/Fire      0%         2d3       100%        4
 Agony                    Necr           0%         N/A       100%        5
 Bolt of Magma            Conj/Fire/Erth 0%         4d4       100%        5
 Fireball                 Conj/Fire      0%         3d3       100%        5
 Silence                  Hex/Air        0%         N/A       100%        5
 Summon Forest            Summ/Tloc      0%         N/A       100%        5
 Summon Mana Viper        Hex/Summ       0%         N/A       100%        5
 Invisibility             Hex            0%         N/A       100%        6
 Shadow Creatures         Summ           N/A        N/A       100%        6
 Starburst                Conj/Fire      0%         6d3       100%        6
 Orb of Destruction       Conj           0%         N/A       100%        7
 Spellforged Servitor     Conj/Summ      0%         N/A       100%        7
 Ignition                 Fire           0%         3d3       100%        8


Dungeon Overview and Level Annotations

Branches:
Dungeon (15/15)            Temple (1/1) D:4            Lair (6/6) D:9
  Swamp (0/4) Lair:3       Spider (4/4) Lair:2        Slime (0/5) Lair:5
    Orc (2/2) D:9             Elf (0/3) Orc:2        Vaults (0/5) D:14
 Depths (0/5) D:15

Altars:
Ashenzari
Cheibriados
Dithmenos
Elyvilon
Fedhas
Gozag
Hepliaklqana
Kikubaaqudgha
Makhleb
Nemelex Xobeh
Okawaru
Qazlal
Ru
Sif Muna
Trog
Uskayaw
Vehumet
Wu Jian
Xom
Yredelemnul
Zin
The Shining One
Beogh

Shops:
D:1 (   D:3 *[!:=   D:8 *   D:9 *   D:11 =   D:12 *   Orc:1 !   Orc:2 :((:

Annotations:
D:10 3 runed translucent doors, Mesmaeker13's ghost, journeyman OgHu
Spider:1 2 transporters, viper's ghost, journeyman PaFi


Innate Abilities, Weirdness & Mutations

You are immune to sickness and miasma.
Your stone body is resilient. (AC +12)
You are immune to poison.
Your large and strong wings let you fly.
You resist negative energy. (rN+)
You are resistant to electric shocks. (rElec)
You are resistant to unholy torment.
You are immune to petrification.
You sometimes lose the ability to read scrolls when taking damage.


Message History

The jumping spider bites you but does no damage.
The entropy weaver gestures at you while chanting.
The entropic weave corrodes you! The ghost moth stares at you.
You feel your power leaking away. The wolf spider hits you!!
You block the wolf spider's attack.
You block the jumping spider's attack. x2; You block the wolf spider's attack.
The wolf spider bites you!
The jumping spider pounces on you but does no damage.
You block the jumping spider's attack. The wolf spider hits you.
* * * LOW HITPOINT WARNING * * *
You block the wolf spider's attack.
You don't know any spells.
Okay, then.
Okay, then.
You cannot read scrolls in your current state!
Okay, then.
Unknown command.
Press: ? - help, v - describe, . - travel
Here: a wolf spider (almost dead, berserk, covered in acid)
The floor.
Okay, then.
Press: ? - help, Shift-Dir - straight line, f - ghost moth
Aim: a ghost moth (almost dead, slightly transparent, covered in acid)
The bolt of negative energy misses the wolf spider.
The bolt of negative energy hits the ghost moth!!
The ghost moth is drained!
You kill the ghost moth!
Makhleb accepts your kill.
You feel better. You block the wolf spider's attack. The wolf spider bites you.
* * * LOW HITPOINT WARNING * * *
The wolf spider hits you but does no damage.
You block the wolf spider's attack.
A demon appears!
You block the wolf spider's attack. x2
The wolf spider misses you. The wolf spider barely misses you.
Something stings your ynoxinul!! Something claws your ynoxinul.
Something barely misses your ynoxinul.
A demon appears!
The wolf spider hits you!!
You die...

###..###.#..#^#
#...^.#[#...###
##.##..#...###
#####..†#...#
#####..## #...##
### ##...#
#######.###...###
#ss@.3....##..#^#
#3#####....#.#..#
#†# ####......#
#.# #..##...# #s#
##...^#.#


ss# ##.^#### ss# ##..# ...B #..## .((. ##..# You could see a wolf spider
(berserk, corroded, ally target), a jumping spider and 2 friendly ynoxinuls.

Vanquished Creatures
  Donald (Spider:1)
  A frost giant (D:14)
  4 ghost moths
  3 emperor scorpions
  A stone giant (D:15)
  Azrael (D:12)
  A dire elephant (Lair:6)
  An entropy weaver (Spider:3)
  Josephine (D:9)
  A rakshasa (D:14)
  4 vault guards
  4 catoblepae
  5 boulder beetles
  Erica (D:9)
  4 centaur warriors
  An ogre mage (D:15)
  10 two-headed ogres
  9 hydras
  A death knight (D:11)
  4 tengu warriors
  A dancing weapon (D:14)
  Urug (D:13)
  4 death yaks
  6 orc high priests
  9 hell knights (D:13)
  Sonja (D:13)
  2 skeletal warriors
  4 lindwurms
  Pikel (D:9)
  A bog body (Lair:3)
  10 orc knights
  A phantasmal warrior (D:12)
  A necromancer (D:13)
  17 orb spiders
  4 deep elf pyromancers
  15 wolf spiders
  3 moths of wrath
  16 ugly things
  12 cyclopes
  5 manticores
  10 elephants
  3 black mambas
  2 torpor snails
  16 cane toads
  A gargoyle (D:13)
  7 rime drakes
  2 kobold demonologists
  7 komodo dragons
  10 demonic crawlers
  4 freezing wraiths
  15 jumping spiders
  6 trolls
  A meliai (D:14)
  20 blink frogs
  3 polar bears
  7 dream sheep
  4 hornets
  6 slime creatures
  46 redbacks
  7 wraiths
  20 tarantellas
  A shadow (D:12)
  A spriggan (shapeshifter) (D:15)
  46 yaks
  2 vampires
  2 wyverns
  Grum (Lair:1)
  16 vampire mosquitoes
  2 fire elementals (D:12)
  6 basilisks
  3 steam dragons
  3 swamp worms
  An acid dragon (D:10)
  12 hell hounds
  Duvessa (D:5)
  14 water moccasins
  2 black bears
  34 orc warriors
  3 centaurs
  A necrophage (D:5)
  10 ogres
  13 wolves
  3 lemures (D:9)
  A phantom (D:6)
  4 kobold brigands
  10 bullfrogs
  Dowan (D:5)
  A wyvern skeleton (D:7)
  2 scorpions
  5 wights
  2 killer bees (D:9)
  5 electric eels
  11 howler monkeys
  5 centaur zombies
  2 hounds
  3 centaur skeletons (D:7)
  31 orc priests
  A gnoll shaman (D:10)
  2 jellies (Lair:5)
  4 iguanas
  16 orc wizards
  5 hell rats (Lair:6)
  A killer bee zombie (D:8)
  A hound skeleton (D:5)
  8 gnolls
  5 adders
  A white imp (D:6)
  A worm (D:4)
  A dart slug (D:2)
  103 orcs
  7 ball pythons
  7 endoplasms
  3 giant cockroaches
  4 goblins
  7 hobgoblins
  11 jackals
  30 kobolds
  A quokka (D:4)
  5 bats (D:1)
  3 frilled lizards
  A jackal skeleton (D:4)
  11 rats
  A butterfly (Lair:4)
869 creatures vanquished.

Vanquished Creatures (collateral kills)
  Gastronok (D:11)
  A boulder beetle (D:11)
  A manticore (D:7)
  A wraith (D:9)
  An orc warrior (D:7)
  An orc wizard (D:7)
  An orc (D:7)
7 creatures vanquished.

Vanquished Creatures (others)
  3 redbacks (Spider:2)
  A tarantella (Spider:2)
  A killer bee (D:9)
  16 fungi
  24 plants
  16 toadstools
61 creatures vanquished.

Grand Total: 937 creatures vanquished

Notes
Turn   | Place    | Note
-------+----------+-------------------------------------------
     0 | D:1      | DiogoH the Gargoyle Fighter began the quest for the Orb.
     0 | D:1      | Reached XP level 1. HP: 14/14 MP: 1/1
   346 | D:1      | Reached XP level 2. HP: 19/19 MP: 2/2
   520 | D:1      | Found a faded altar of an unknown god.
  1137 | D:1      | Reached XP level 3. HP: 24/24 MP: 3/3
  1176 | D:1      | Found Died's Weapon Shoppe.
  1281 | D:1      | Reached skill level 4 in Fighting
  2382 | D:2      | Reached XP level 4. HP: 27/30 MP: 4/4
  2758 | D:3      | Found Enafonuo's Book Boutique.
  2758 | D:3      | Found Ovvoseh's Distillery.
  2801 | D:3      | Found Giff's Assorted Antiques.
  2915 | D:3      | Found Riniledi's Jewellery Boutique.
  3143 | D:3      | Found Icegofa's Armour Shoppe.
  3479 | D:4      | Found a staircase to the Ecumenical Temple.
  3542 | Temple   | Entered the Ecumenical Temple
  3613 | Temple   | Became a worshipper of Makhleb the Destroyer
  3923 | D:4      | Reached XP level 5. HP: 34/34 MP: 5/5
  4093 | D:4      | Noticed a kobold brigand
  4115 | D:4      | Reached skill level 1 in Invocations
  4131 | D:4      | Killed a kobold brigand
  4132 | D:4      | Reached skill level 5 in Fighting
  4382 | D:4      | Found a broken altar of Ashenzari.
  4554 | D:5      | Entered Level 5 of the Dungeon
  4554 | D:5      | Noticed an ogre
  4554 | D:5      | Noticed a necrophage
  4633 | D:5      | Reached XP level 6. HP: 39/40 MP: 7/7
  4680 | D:5      | Killed a necrophage
  4704 | D:5      | Reached skill level 5 in Maces & Flails
  4961 | D:5      | Reached XP level 7. HP: 7/44 MP: 7/9
  5794 | D:5      | Reached skill level 6 in Fighting
  6201 | D:5      | Noticed Dowan
  6201 | D:5      | Noticed Duvessa
  6617 | D:6      | Reached XP level 8. HP: 31/51 MP: 10/10
  7105 | D:6      | Reached * piety under Makhleb
  7248 | D:6      | Noticed a komodo dragon
  7259 | D:6      | Killed a komodo dragon
  7288 | D:6      | Noticed a two-headed ogre
  7534 | D:7      | Reached skill level 7 in Fighting
  7534 | D:7      | Reached skill level 5 in Invocations
  7737 | D:7      | Identified the +7 spear of Foolhardiness {speed, rPois rN+
                  | MP+9 Int-2 Dex+3}
  7826 | D:7      | Reached XP level 9. HP: 57/57 MP: 11/13
  8243 | D:7      | Found an opulent altar of Gozag.
  8243 | D:7      | Found a sparkling altar of Nemelex Xobeh.
  8270 | D:7      | Noticed a manticore
  8583 | D:7      | Killed a manticore
  9003 | D:7      | Reached skill level 8 in Fighting
  9271 | D:7      | Found an ancient bone altar of Kikubaaqudgha.
  9310 | D:7      | Found a glowing silver altar of Zin.
  9644 | D:6      | Killed a two-headed ogre
  9645 | D:6      | Reached skill level 10 in Maces & Flails
  9645 | D:6      | Reached XP level 10. HP: 45/65 MP: 13/15
  9945 | D:8      | Noticed a two-headed ogre
  9991 | D:8      | Found Zyrr's General Store.
 10004 | D:8      | Reached ** piety under Makhleb
 10046 | D:8      | Bought a scroll of identify for 24 gold pieces
 10141 | D:8      | Killed a two-headed ogre
 10142 | D:8      | Reached skill level 9 in Fighting
 10725 | D:8      | Found an iron altar of Okawaru.
 10734 | D:8      | Found a shimmering blue altar of Sif Muna.
 10898 | D:9      | Noticed Erica
 10914 | D:9      | Reached skill level 5 in Shields
 10935 | D:9      | Killed Erica
 11194 | D:9      | Reached XP level 11. HP: 46/72 MP: 17/17
 11492 | D:9      | Noticed Pikel
 11509 | D:9      | Killed Pikel
 11510 | D:9      | Reached skill level 10 in Fighting
 11648 | D:9      | Found Eteiq's Evil Emporium.
 11656 | D:9      | Bought a +2 demon whip of venom for 330 gold pieces
 11657 | D:9      | Found a staircase to the Lair.
 11948 | D:9      | Reached *** piety under Makhleb
 11949 | D:9      | Found a staircase to the Orcish Mines.
 12122 | D:10     | Entered Level 10 of the Dungeon
 12356 | D:8      | Bought a potion of ambrosia for 96 gold pieces
 12413 | D:5      | Killed Duvessa
 12422 | D:5      | Killed Dowan
 12451 | D:3      | Bought a potion of lignification for 30 gold pieces
 12451 | D:3      | Bought a potion of attraction for 30 gold pieces
 12581 | D:10     | Found a runed translucent gate.
 12582 | D:10     | Found a runed translucent gate.
 12582 | D:10     | Found a runed translucent gate.
 12596 | D:10     | Noticed Mesmaeker13's ghost (journeyman OgHu)
 12657 | D:10     | Found a hazy altar of Hepliaklqana.
 12736 | D:10     | You fall into a shaft and drop 3 floors!
 12736 | D:13     | Noticed a deep elf pyromancer
 12771 | D:13     | Killed a deep elf pyromancer
 12777 | D:13     | Noticed Urug
 12778 | D:13     | Noticed a two-headed ogre
 12796 | D:13     | Killed a two-headed ogre
 12835 | D:12     | Noticed a death knight
 12835 | D:12     | Noticed a skeletal warrior
 12942 | D:11     | Noticed a cyclops
 12984 | D:11     | Noticed a two-headed ogre
 12992 | D:11     | Killed a two-headed ogre
 13004 | D:11     | Noticed a cyclops
 13737 | Lair:1   | Entered Level 1 of the Lair of Beasts
 13791 | Lair:1   | Reached skill level 10 in Invocations
 13803 | Lair:1   | Reached skill level 11 in Fighting
 13811 | Lair:1   | Reached XP level 12. HP: 45/80 MP: 19/19
 14114 | Lair:1   | Noticed Grum
 14123 | Lair:1   | Reached **** piety under Makhleb
 14133 | Lair:1   | Killed Grum
 14253 | Lair:2   | Noticed a six-headed hydra
 14498 | Lair:2   | Killed a six-headed hydra
 14648 | Lair:2   | Found a hole to the Spider Nest.
 14737 | Lair:2   | Noticed a catoblepas
 14754 | Lair:2   | Killed a catoblepas
 15498 | Lair:3   | Noticed a five-headed hydra
 15513 | Lair:3   | Killed a five-headed hydra
 15514 | Lair:3   | Reached skill level 5 in Armour
 15542 | Lair:3   | Reached skill level 10 in Shields
 15789 | Lair:3   | Reached skill level 12 in Fighting
 16152 | Lair:3   | Reached XP level 13. HP: 86/86 MP: 21/21
 16264 | Lair:3   | Found a staircase to the Swamp.
 16797 | Lair:3   | Reached ***** piety under Makhleb
 17442 | Lair:4   | Identified the +4 long sword of Premature Burial {vorpal,
                  | rN+ Str+2}
 17911 | Lair:4   | Found a runed translucent door.
 18059 | Lair:4   | Identified the +9 glaive "Coyn" {vorpal, Int+3}
 18349 | Lair:5   | Found a staircase to the Slime Pits.
 18471 | Lair:5   | Identified the +6 rapier "Voquridgh" {vorpal, rPois rN+++
                  | Will+ MP-9}
 18938 | Lair:6   | Entered Level 6 of the Lair of Beasts
 19089 | Lair:6   | Gained mutation: Your large and strong wings let you fly.
                  | [Gargoyle growth]
 19089 | Lair:6   | Reached XP level 14. HP: 92/92 MP: 23/23
 19114 | Lair:6   | Reached skill level 13 in Fighting
 20002 | Lair:6   | Noticed a dire elephant
 20160 | Lair:6   | Killed a dire elephant
 20348 | Lair:6   | Reached ****** piety under Makhleb
 20728 | Orc:1    | Entered Level 1 of the Orcish Mines
 20728 | Orc:1    | Noticed Josephine
 20750 | D:9      | Killed Josephine
 20960 | Orc:1    | Found Jofilil's Distillery.
 21116 | Orc:2    | Entered Level 2 of the Orcish Mines
 21116 | Orc:2    | Found a staircase to the Elven Halls.
 22354 | Orc:2    | Reached XP level 15. HP: 100/100 MP: 24/24
 22523 | Orc:2    | Found Doypasiq's Weapon Boutique.
 22523 | Orc:2    | Found Gihenima's Book Boutique.
 22524 | Orc:2    | Found Xenge's Book Boutique.
 22524 | Orc:2    | Found Qixa's Antique Weapon Shop.
 22974 | D:9      | Bought a scroll of torment for 82 gold pieces
 23105 | D:3      | Bought an amulet of reflection for 420 gold pieces
 23134 | D:3      | Bought a twisted bone ring for 105 gold pieces
 23134 | D:3      | Bought a bronze ring for 105 gold pieces
 23311 | D:11     | Found Eqybyxt's Jewellery Emporium.
 23319 | D:11     | Bought a ring of see invisible for 225 gold pieces
 23345 | D:11     | Reached skill level 14 in Fighting
 23357 | D:11     | Noticed Gastronok
 23385 | D:11     | Killed Gastronok
 24764 | D:12     | Reached skill level 10 in Armour
 24946 | D:12     | Reached skill level 15 in Shields
 25179 | D:12     | Found Osoi's General Store.
 25192 | D:12     | Noticed Azrael
 25210 | D:12     | Killed Azrael
 25219 | D:12     | Reached skill level 1 in Evocations
 25784 | D:13     | Noticed Sonja
 25787 | D:13     | Killed Sonja
 25837 | D:13     | Killed Urug
 27863 | D:14     | Reached skill level 15 in Fighting
 27923 | D:14     | Reached XP level 16. HP: 100/108 MP: 26/26
 29219 | D:14     | Found a gate to the Vaults.
 29393 | D:15     | Entered Level 15 of the Dungeon
 29411 | D:15     | Reached skill level 16 in Fighting
 29780 | D:15     | Reached skill level 5 in Evocations
 30136 | D:15     | Found a staircase to the Depths.
 30444 | Spider:1 | Entered Level 1 of the Spider Nest
 30516 | Lair:2   | Identified a scroll of acquirement
 30689 | Spider:1 | Noticed Donald
 30711 | Spider:1 | Killed Donald
 30787 | Spider:1 | Found a transporter.
 30789 | Spider:1 | Noticed viper's ghost (journeyman PaFi)
 30790 | Spider:1 | Found a transporter.
 30985 | Spider:1 | Reached XP level 17. HP: 116/116 MP: 28/28
 31524 | Spider:2 | Reached skill level 15 in Invocations
 31946 | Spider:2 | Reached skill level 17 in Fighting
 33186 | Spider:3 | Gained mutation: You sometimes lose the ability to read
                  | scrolls when taking damage. [mutagenic glow]
 34343 | Spider:4 | Entered Level 4 of the Spider Nest
 34633 | Spider:4 | Slain by a wolf spider

Illustrated notes

Levels and vault maps discovered:
D:1:      ldierk_walled_garden_2, layout_basic,
          shapermc_ecumenical_altar_mp_highgroup, serial_shops,
          nicolae_lakefront_shop
D:2:      layout_basic, minmay_misc_feat_alley, grunt_ministairs_12
D:3:      wad_pebble_path, layout_basic, serial_shops, nicolae_lakefront_shop,
          shop, shop, shop, nicolae_diamond_shop
D:4:      layout_rooms, cheibrodos_ashenzari_chains, temple_pool_b,
          roderic_serpentine_path
D:5:      layout_cave_pools, kennysheep_cross_bottleneck, uniq_duvessa
D:6:      kennysheep_six_static_rooms, layout_rooms
D:7:      layout_loops_corners, grunt_temple_overflow_opulence,
          mainiacjoe_overflow_two_lobes, minmay_microvault
D:8:      layout_loops_cross, mainiacjoe_overflow_swirl, serial_shops,
          nicolae_stop_n_shop_1, worms_lemuel
D:9:      layout_cave_pods, lair_entry_dummy, david_orc_5, hex_large,
          amethyst_killhole, nicolae_evil_shop, uniq_erica, uniq_pikel
D:10:     layout_irregular_city, marbit_many_paths, gammafunk_ghost_spectres
D:11:     layout_irregular_city, serial_shops, shop, uniq_gastronok
D:12:     layout_basic, serial_shops, nicolae_shop_crystal, uniq_azrael
D:13:     minmay_general_purpose_star, layout_irregular_city,
          minmay_rotating_lava, uniq_urug, uniq_sonja
D:14:     nzn_winding_woodlands_medium [nzn_winding_woodlands_5x5_default,
          nzn_winding_woodlands_5x15_zeroes,
          nzn_winding_woodlands_5x5_perimeter,
          nzn_winding_woodlands_5x5_open_star,
          nzn_winding_woodlands_center_lodge, nzn_winding_woodlands_5x5_cross,
          nzn_winding_woodlands_5x5_checkerboard,
          nzn_winding_woodlands_5x15_crooked, nzn_winding_woodlands_hourglass],
          layout_rooms, lightli_vaults_fourway_checkpoint
D:15:     grunt_enter_depths_snipers, layout_loops_cross
Temple:   zaba_magenta_temple
Lair:1:   layout_big_grid, infiniplex_staircase_pool_2, uniq_grum
Lair:2:   layout_chaotic_city, dummy_spider_entry
Lair:3:   layout_cave_pods, nicolae_swamp_entry_splash_gauntlet
Lair:4:   gammafunk_lair_enchanted_lake, layout_concentric_octagons,
          infiniplex_staircase_pool, serial_bayou_shore_a, grunt_megastairs_1,
          serial_bayou_shore_b, lemuel_fruit_fields
Lair:5:   layout_gridlike, minmay_slime_entry_pillars,
          kennysheep_catoblepas_arena
Lair:6:   hangedman_lair_in_review, layout_cave_pods, grunt_megastairs_2
Spider:1: layout_spider_delve, gammafunk_ghost_arena, uniq_donald
Spider:2: layout_spider_delve, nicolae_spider_shape
Spider:3: layout_chambers
Spider:4: guppyfry_spider_rune, nicolae_spider_moth_buddies
Orc:1:    layout_caves, serial_shops, nicolae_shop_waterfront, uniq_josephine
Orc:2:    st_orc_pillars, layout_caves

Skill      XL: |  1  2  3  4  5  6  7  8  9 10 11 12 13 14 15 16 17 |
---------------+----------------------------------------------------+-----
Fighting       | 4 5 6 7 8 9 11 12 13 15 16 17 | 17.6
Maces & Flails | 3 4 5 6 8 10 11 12 | 12.0
Invocations    | 1 2 3 5 7 8 10 11 12 13 14 15 | 15.5
Shields        | 5 7 10 12 14 15 | 15.0
Armour         | 5 7 9 10 12 | 12.8
Evocations     | 3 5 7 |  7.1

Action                   |  1- 3 |  4- 6 |  7- 9 | 10-12 | 13-15 | 16-18 || total
-------------------------+-------+-------+-------+-------+-------+-------++-------
Melee: Flail             |   166 |   112 |   222 |       |       |       ||   500
       Morningstar       |       |       |       |   159 |       |       ||   159
       Demon whip        |       |       |       |   507 |  1777 |  1195 ||  3479
Throw: Stone             |    41 |    21 |     4 |       |       |       ||    66
       Javelin           |       |     8 |    14 |    19 |     3 |     3 ||    47
       Dart              |       |       |    29 |     4 |     2 |     3 ||    38
Invok: Minor Destruction |       |       |       |     3 |       |     2 ||     5
       Lesser Servant of |       |       |       |       |     5 |     2 ||     7
       Major Destruction |       |       |       |       |       |     4 ||     4
Evoke: Wand              |       |       |     6 |       |    23 |     1 ||    30
  Use: Scroll            |       |     3 |     8 |     9 |     5 |     4 ||    29
       Potion            |       |       |     4 |     1 |     3 |     3 ||    11
 Stab: Distracted        |       |       |       |       |     1 |       ||     1
Armor: Scale mail        |   102 |    53 |    69 |       |       |       ||   224
       Chain mail        |       |       |    56 |    35 |       |       ||    91
       Ring mail         |       |       |       |   179 |   202 |       ||   381
       Plate armour      |       |       |       |       |   298 |   470 ||   768
Dodge: Dodged            |    74 |    37 |   106 |   176 |   252 |   188 ||   833
Block: Buckler           |       |       |       |    82 |       |       ||    82
       Kite shield       |       |       |       |    60 |   939 |   873 ||  1872
       Reflection        |       |       |       |       |    12 |     9 ||    21
